 Dungeon Crawl Stone Soup version 0.31-a0-765-g67fe2935dc (webtiles) character file.

Game seed: 6317929902193219160

95 innerfire43 the Ruffian (level 4, -16/32 HPs)
             Began as a Gnoll Shapeshifter on Sept 15, 2023.
             Demolished by a small abomination (18 damage)
             ... on level 3 of the Dungeon.
             The game lasted 00:04:16 (2636 turns).

innerfire43 the Ruffian (Gnoll Shapeshifter)        Turns: 2636, Time: 00:04:16

Health: -16/32     AC:  4    Str: 15    XL:     4   Next: 65%
Magic:  5/5        EV: 13    Int:  9    God:
Gold:   195        SH:  0    Dex: 12    Spells: 5/5 levels left

rFire   . .          .
                       - Unarmed
rCold   . . .        (shield currently unavailable)
rNeg    . . .        a - +0 animal skin
rPois   .            (no helmet)
rElec   .            (no cloak)
rCorr   .            v - +0 pair of gloves
SInv    .            f - +0 pair of boots
Will    .....        (no amulet)
Stlth   +            u - ring of wizardry
HPRegen 0.25/turn    (no ring)
MPRegen 0.09/turn

%: wizardry (x1)
@: flux-form, glowing
A: glow, contaminating, reduced hp, fangs 1, strong nose, distributed training
a: Begin Untransformation


You were on level 3 of the Dungeon.
You were something dangerously unstable.
You visited 1 branch of the dungeon, and saw 3 of its levels.

You collected 195 gold pieces.

Inventory:

Missiles
 i - a throwing net
Armour
 a - a +0 animal skin (worn)
 f - a +0 pair of boots (worn)
 v - a +0 pair of gloves (worn)
Jewellery
 u - a ring of wizardry (left hand)
 w - an amulet of faith
Talismans
 c - a beast talisman
 d - a flux talisman (active)
Scrolls
 e - a scroll of silence {unknown}
 g - a scroll of brand weapon {unknown}
 h - 4 scrolls of fog {unknown}
 k - 3 scrolls of amnesia {unknown}
 o - 3 scrolls of identify {unknown}
 q - a scroll of teleportation {unknown}
 r - a scroll of enchant armour {unknown}
 s - a scroll of torment {unknown}
 x - a scroll of poison {unknown}
Potions
 b - 2 potions of lignification
 j - a potion of curing {unknown}
 l - a potion of haste {unknown}
 m - a potion of magic {unknown}
 n - a potion of berserk rage {unknown}
 p - a potion of enlightenment {unknown}
 t - 2 potions of attraction {unknown}
 z - a potion of brilliance {unknown}


   Skills:
 + Level 2.8 Fighting
 + Level 1.2 Short Blades
 + Level 1.2 Long Blades
 + Level 1.2 Axes
 + Level 1.2 Maces & Flails
 + Level 1.2 Polearms
 + Level 1.2 Staves
 + Level 1.2 Ranged Weapons
 + Level 1.2 Throwing
 + Level 1.2 Armour
 + Level 4.7 Dodging
 + Level 1.2 Stealth
 + Level 1.2 Shields
 + Level 6.6 Unarmed Combat
 + Level 1.2 Spellcasting
 + Level 1.0 Conjurations
 + Level 1.0 Hexes
 + Level 1.0 Summonings
 + Level 1.0 Necromancy
 + Level 1.0 Translocations
 + Level 1.0 Transmutations
 + Level 1.0 Fire Magic
 + Level 1.0 Ice Magic
 + Level 1.0 Air Magic
 + Level 1.0 Earth Magic
 + Level 1.0 Poison Magic
 + Level 1.3 Invocations
 + Level 1.2 Evocations
 + Level 6.6 Shapeshifting


You had 5 spell levels left.
You didn't know any spells.
Your spell library contained the following spells:

 Spells                   Type           Power      Damage    Failure   Level
 Magic Dart               Conj           8%         1d3       10%         1
 Call Imp                 Summ           4%         N/A       14%         2
 Inner Flame              Hex/Fire       2%         N/A       26%         3
 Mephitic Cloud           Conj/Pois/Air  2%         N/A       26%         3
 Flame Wave               Conj/Fire      2%         2d4       65%         4
 Sticky Flame             Conj/Fire      2%         2d3       65%         4


Dungeon Overview and Level Annotations

Branches:
Dungeon (3/15)

Altars:

Portals:
Abyss: D:3

Annotations:
D:3 1 transporter, dualclasshuman's ghost, amateur DsSh


Innate Abilities, Weirdness & Mutations

You are something dangerously unstable.
You glow with magical radiation, making you easy to see and hit.
Foes you strike become dangerously contaminated with magical radiation.
Your maximum health is decreased, since you lack skill for your form.
You are incapable of wielding weapons or throwing items.
You have very sharp teeth.
Your uncanny sense of smell can sniff out nearby items.
Your experience applies equally to all skills.


Message History

The small abomination shudders as magic cascades through it!
Your bite misses the small abomination.
The small abomination is heavily damaged.
The small abomination barely misses you.
You barely miss the small abomination.
The small abomination is heavily damaged.
The small abomination barely misses you.
You closely miss the small abomination.
The small abomination is heavily damaged.
The small abomination completely misses you.
You barely miss the small abomination.
The small abomination is heavily damaged.
The small abomination barely misses you.
You hit the small abomination.
The small abomination begins to glow.
You bite the small abomination, but do no damage.
The small abomination is severely damaged.
You hit the small abomination.
The small abomination glows dangerously bright.
Your bite misses the small abomination.
The small abomination is severely damaged.
The small abomination hits you!
Ouch! That really hurt!
You barely miss the small abomination.
The small abomination is severely damaged.
The small abomination hits you!
* * * LOW HITPOINT WARNING * * *
Okay, then.
You hit the small abomination but do no damage.
The small abomination shudders as magic cascades through it.
You bite the small abomination.
The small abomination is almost destroyed.
The small abomination closely misses you.
You barely miss the small abomination.
The small abomination is almost destroyed.
The small abomination barely misses you.
You barely miss the small abomination.
The small abomination is almost destroyed.
The small abomination hits you!!
Ouch! That really hurt!
You die...

..# #....##.x####. #
#.... ..#
##...##.∩.#.##.#..##....
..#
#....##©##..#...##....#
..#
#.....###.[##..x#.....#
###
#..........#..^.#.....#
#.........##.#. ###...#
#### #.....##### ..
#.... ...#
#....##x##x.###..x##..#
...# #....#B...# #.##
#5#... ...#
#....####.?##..##.##..#
...#
#.......####....###....
...#
#.)....................
...#
#.....................#
...#
#.#.###.#.#.>..........
...#
#.#.....#.#.#.####.####
...#
#.#######.#............
####
#.........###.###......


You could see 2 small abominations.

Vanquished Creatures
  A hound (D:3)
  Terence (D:3)
  A worm (D:3)
  5 endoplasms
  3 giant cockroaches
  4 goblins
  4 hobgoblins
  A quokka (D:1)
  2 ball pythons
  7 bats
  4 kobolds
  4 rats
37 creatures vanquished.

Notes
Turn   | Place    | Note
-------+----------+-------------------------------------------
     0 | D:1      | innerfire43 the Gnoll Shapeshifter began the quest for the
                  | Orb.
     0 | D:1      | Reached XP level 1. HP: 17/17 MP: 1/1
   243 | D:1      | Reached XP level 2. HP: 14/23 MP: 2/2
  1204 | D:2      | Found a faded altar of an unknown god.
  1399 | D:2      | Reached XP level 3. HP: 22/28 MP: 3/3
  1686 | D:3      | Found a transporter.
  1695 | D:3      | Noticed a small abomination
  1795 | D:3      | Found a transporter.
  1795 | D:3      | Found a one-way gate to the infinite horrors of the Abyss.
  1795 | D:3      | Noticed dualclasshuman's ghost (amateur DsSh)
  1819 | D:3      | Reached skill level 1 in Invocations
  1867 | D:3      | Reached skill level 1 in Short Blades
  1867 | D:3      | Reached skill level 1 in Long Blades
  1867 | D:3      | Reached skill level 1 in Axes
  1867 | D:3      | Reached skill level 1 in Maces & Flails
  1867 | D:3      | Reached skill level 1 in Polearms
  1867 | D:3      | Reached skill level 1 in Staves
  1867 | D:3      | Reached skill level 1 in Ranged Weapons
  1867 | D:3      | Reached skill level 1 in Throwing
  1867 | D:3      | Reached skill level 1 in Armour
  1867 | D:3      | Reached skill level 1 in Stealth
  1867 | D:3      | Reached skill level 1 in Shields
  1867 | D:3      | Reached skill level 1 in Spellcasting
  1867 | D:3      | Reached skill level 1 in Evocations
  1867 | D:3      | Reached XP level 4. HP: 32/34 MP: 5/5
  1879 | D:3      | Noticed a small abomination
  2209 | D:3      | Noticed Terence
  2215 | D:3      | Killed Terence
  2216 | D:3      | Reached skill level 1 in Conjurations
  2216 | D:3      | Reached skill level 1 in Hexes
  2216 | D:3      | Reached skill level 1 in Summonings
  2216 | D:3      | Reached skill level 1 in Necromancy
  2216 | D:3      | Reached skill level 1 in Translocations
  2216 | D:3      | Reached skill level 1 in Transmutations
  2216 | D:3      | Reached skill level 1 in Fire Magic
  2216 | D:3      | Reached skill level 1 in Ice Magic
  2216 | D:3      | Reached skill level 1 in Air Magic
  2216 | D:3      | Reached skill level 1 in Earth Magic
  2216 | D:3      | Reached skill level 1 in Poison Magic
  2633 | D:3      | HP: 1/32 [small abomination (15)]
  2636 | D:3      | Demolished by a small abomination

Illustrated notes

Levels and vault maps discovered:
D:1:      eino_arrival_cavern_d, layout_basic, minmay_pentomino_q4
D:2:      layout_basic, dreamdust_ecumenical_altar_angels_and_demons,
          serial_bayou_pond_e
D:3:      layout_basic, gammafunk_ghost_abyssal_escape, corexii_hall_statues_x,
          nicolae_titane, uniq_terence

Skill      XL: |  1  2  3  4 |
---------------+-------------+-----
Invocations    | 1 |  1.3
Short Blades   | 1 |  1.2
Long Blades    | 1 |  1.2
Axes           | 1 |  1.2
Maces & Flails | 1 |  1.2
Polearms       | 1 |  1.2
Staves         | 1 |  1.2
Ranged Weapons | 1 |  1.2
Throwing       | 1 |  1.2
Armour         | 1 |  1.2
Stealth        | 1 |  1.2
Shields        | 1 |  1.2
Spellcasting   | 1 |  1.2
Evocations     | 1 |  1.2
Conjurations   | 1 |  1.0
Hexes          | 1 |  1.0
Summonings     | 1 |  1.0
Necromancy     | 1 |  1.0
Translocations | 1 |  1.0
Transmutations | 1 |  1.0
Fire Magic     | 1 |  1.0
Ice Magic      | 1 |  1.0
Air Magic      | 1 |  1.0
Earth Magic    | 1 |  1.0
Poison Magic   | 1 |  1.0
Fighting       | |  2.8
Dodging        | |  4.7
Unarmed Combat | |  6.6
Shapeshifting  | |  6.6

Action                     |  1- 3 |  4- 6 || total
---------------------------+-------+-------++-------
  Melee: Unarmed           |    88 |    30 ||   118
         Bite              |     6 |     3 ||     9
 Armour: Animal skin       |    44 |    15 ||    59
  Dodge: Dodged            |    56 |    18 ||    74
   Form: Flux              |     1 |       ||     1

Table legend: (Time is in decaauts)
 A = Elapsed time spent in this place.
 B = Non-inter-level travel time spent in this place.
 C = Inter-level travel time spent in this place.
 D = Time resting spent in this place.
 E = Time spent auto-exploring this place.
 F = Levels seen in this place.
 G = Mean time per level.
                   A        B        C        D        E       F      G
               +--------+--------+--------+--------+--------+-----+--------+
         Total |   2621 |   2420 |    201 |      0 |   2070 |   3 |  873.7 |
       Dungeon |   2621 |   2420 |    201 |      0 |   2070 |   3 |  873.7 |
               +--------+--------+--------+--------+--------+-----+--------+

Top non-repeatable levels by time:
     D:3: 989 daAuts
     D:1: 960 daAuts
     D:2: 670 daAuts
